[Event "Titled Tuesday Blitz December 27 Late 2022"]
[White "Adla, Diego"]
[Black "Ai, Evan"]
[WhiteFideId "100072"]
[BlackFideId "2094770"]
[WhiteElo "2383"]
[BlackElo "2055"]
[Result "1/2-1/2"]
[Round "01"]
[TimeControl "180+2"]
[Date "2022.12.27"]
[WhiteClock "0:00:17"]
[BlackClock "0:00:10"]

1. Nf3 Nf6 2. g3 d5 3. Bg2 Bg4 4. c4 c6 5. Qb3 Qc7 6. d4 Nbd7 7. cxd5 cxd5 8. Nc3 e6 9. Bf4 Qb6 10. O-O Qxb3 11. axb3 a6 12. Ne5 Nxe5 13. Bxe5 Nd7 14. Bf4 Bb4 15. e4 dxe4 16. Bxe4 a5 17. Nb5 O-O 18. Bxb7 Be2 19. Bxa8 Bxb5 20. Bf3 Bxf1 21. Kxf1 Nb6 22. Rc1 Rc8 23. Rxc8+ Nxc8 24. d5 exd5 25. Bxd5 Kf8 26. Ke2 Ke7 27. Kd3 f6 28. Bg8 h6 29. Kc4 g5 30. Bc7 Kd7 31. Bb8 Nd6+ 32. Kd5 Nb5 33. Be6+ Ke7 34. Bg4 Nd6 35. Kc6 Ne4 36. f3 Nd2 37. Bc7 Nxb3 38. Kb5 f5 39. Bh3 Nd4+ 40. Ka4 Ke6 41. Bxa5 Bxa5 42. Kxa5 Nxf3 43. b4 Nxh2 44. b5 Nf3 45. b6 Ne5 46. b7 Nd7 47. Bf1 Kd6 48. Bb5 Nb8 49. Kb6 f4 50. gxf4 gxf4 51. Be2 Nd7+ 52. Ka7 Kc7 53. Bf3 Nb8 54. Ka8 Nd7 55. Bh5 Nb8 56. Bg4 Nc6 57. Be2 Nb8 58. Bf3 Nd7 59. Bh5 Nb6+ 60. Ka7 Nd7 61. Bf3 Nb8 62. Bg4 Nc6+ 63. Ka8 Nb8 64. Bh5 Nd7 65. Ka7 Nb8 66. Bf3 Nd7 67. Bg4 Nb8 68. Ka8 Nc6 69. Be2 Nb8 70. Bf3 1/2-1/2


[Site "https://www.chess.com"]

[Event "Titled Tuesday Blitz December 27 Late 2022"]
[White "Alekseenko, Kirill"]
[Black "Silva, Miguel Antonio Neto"]
[WhiteFideId "4135539"]
[BlackFideId "1911929"]
[WhiteElo "2686"]
[BlackElo "2204"]
[Result "1-0"]
[Round "01"]
[TimeControl "180+2"]
[Date "2022.12.27"]
[WhiteClock "0:00:57"]
[BlackClock "0:00:20"]

1. d4 Nf6 2. Nc3 d5 3. Bf4 a6 4. e3 c5 5. Nf3 Nc6 6. Ne5 e6 7. g4 Be7 8. g5 Nd7 9. Nxc6 bxc6 10. h4 cxd4 11. exd4 c5 12. Bg2 cxd4 13. Qxd4 Qb6 14. Qxg7 Rf8 15. O-O Bb7 16. Rfe1 O-O-O 17. Nxd5 Bxd5 18. Bxd5 Bc5 19. Bg2 Bxf2+ 20. Kh1 Bxe1 21. Rxe1 e5 22. Bxe5 Rfe8 23. Bg3 Rxe1+ 24. Bxe1 Qe3 25. Qc3+ Qxc3 26. Bxc3 Re8 27. Bf1 Kb7 28. Bd3 Re3 29. Kg2 Nf8 30. a4 Ng6 31. h5 Nf4+ 32. Kf2 Re8 33. Bxh7 Nxh5 34. Kf3 Kc6 35. Kg4 1-0


[Site "https://www.chess.com"]

[Event "Titled Tuesday Blitz December 27 Late 2022"]
[White "Andreev, Eduard"]
[Black "Kho, Darrell"]
[WhiteFideId "14103400"]
[BlackFideId "1019317"]
[WhiteElo "2413"]
[BlackElo "2075"]
[Result "1/2-1/2"]
[Round "01"]
[TimeControl "180+2"]
[Date "2022.12.27"]
[WhiteClock "0:00:08"]
[BlackClock "0:00:09"]

1. Nf3 d5 2. c4 d4 3. e3 Nc6 4. exd4 Nxd4 5. d3 Bg4 6. Be2 Bxf3 7. Bxf3 Nxf3+ 8. Qxf3 c6 9. O-O Nf6 10. Nc3 e6 11. Bg5 Be7 12. Rad1 h6 13. Bh4 Qd4 14. Bg3 O-O 15. Rfe1 Rad8 16. Be5 Qb6 17. h3 Nd7 18. Bf4 Bf6 19. Ne4 Be5 20. Bxe5 Nxe5 21. Qg3 Ng6 22. b3 Qd4 23. h4 Qe5 24. Qxe5 Nxe5 25. Nc5 Ng6 26. Nxb7 Rb8 27. Na5 c5 28. g3 Rb6 29. h5 Ne7 30. Re5 Rc8 31. d4 Ra6 32. Nb7 cxd4 33. a4 Nc6 34. Rb5 Rb6 35. c5 Rxb5 36. axb5 Ne5 37. c6 a6 38. bxa6 Rxc6 39. Ra1 Rc8 40. a7 Ra8 41. b4 Nc6 42. b5 Rxa7 43. Rxa7 Nxa7 44. b6 Nc8 45. Na5 Nxb6 46. Nc6 Nd5 47. Kf1 Kf8 48. Nxd4 Ke7 49. f3 f6 50. Kf2 Kf7 51. g4 Ne7 52. Ke3 e5 53. Nb3 Ke6 54. Kf2 Nd5 55. Nd2 Nf4 56. Ne4 Nd3+ 57. Ke3 Nf4 58. Ng3 Nd5+ 59. Kf2 Nf4 60. Nf5 Nh3+ 61. Ke3 Kf7 62. Nd6+ Ke6 63. Nf5 Kf7 64. Nd6+ Ke6 65. Ne8 Kf7 66. Nc7 Nf4 67. Kf2 Ne6 68. Nd5 Nd4 69. Ne3 Ne6 70. Kg3 Nd4 71. Nd5 Ne6 72. Kf2 Nd4 73. Ke3 Ne6 74. Ke4 Nc5+ 75. Ke3 Ne6 76. Nc3 Nd4 77. Ne4 Ne6 78. Ng3 Nd4 79. Ke4 Ne6 80. Nf5 Ng5+ 81. Ke3 Ne6 82. Kf2 Nf4 83. Ke3 Ne6 84. Ng3 Nf4 85. Nf1 Ne6 86. Nd2 Nf4 87. Ne4 Ne6 88. Nd6+ Kg8 89. Ke4 Kf8 90. Kf5 Nd4+ 91. Ke4 Ke7 92. Nc4 Kf7 93. Ne3 Ne6 94. Nd5 Nd4 95. f4 Nc6 96. fxe5 Nxe5 97. Kf4 Nd7 98. Nc7 Nc5 99. Nb5 Ne6+ 100. Kg3 Ng5 101. Nd6+ Kg8 102. Nf5 Kf7 103. Nh4 Kg8 104. Ng6 Kf7 105. Kf4 Kg8 106. Kf5 Kf7 107. Nf4 Nf3 108. Nd5 Ne5 109. Nb4 Kg8 110. Kf4 Kf7 111. Nc2 Ke7 112. Nd4 Kf7 113. Nf5 Kg8 114. Ne3 Kf7 115. Ng2 g6 116. hxg6+ Kxg6 117. Nh4+ Kf7 118. Nf5 Nxg4 119. Kxg4 h5+ 120. Kxh5 Ke6 121. Kg6 Ke5 122. Ng7 Ke4 123. Nf5 Kd3 124. Kxf6 1/2-1/2


[Site "https://www.chess.com"]

[Event "Titled Tuesday Blitz December 27 Late 2022"]
[White "Antonova, Nadezhda"]
[Black "Ronka, Erik"]
[WhiteFideId "14700182"]
[BlackFideId "505080"]
[WhiteElo "1945"]
[BlackElo "2276"]
[Result "0-1"]
[Round "01"]
[TimeControl "180+2"]
[Date "2022.12.27"]
[WhiteClock "0:00:06"]
[BlackClock "0:00:14"]

1. Nf3 d5 2. b3 Bg4 3. e3 Nd7 4. Bb2 Ngf6 5. h3 Bh5 6. g4 Bg6 7. d3 e6 8. Nbd2 a5 9. a4 h6 10. Bg2 Bd6 11. O-O O-O 12. Qe2 e5 13. Nh4 Bh7 14. Nf5 Bc5 15. d4 exd4 16. exd4 Bxf5 17. gxf5 Bd6 18. Rae1 c6 19. Kh1 Bf4 20. Nf3 Qc7 21. Ne5 Rae8 22. Bf3 Re7 23. Rg1 Rfe8 24. Qf1 Nh7 25. Qg2 Bg5 26. Nxd7 Qxd7 27. Rxe7 Qxe7 28. Qg4 Nf6 29. Qg2 Ne4 30. h4 Bf6 31. Bxe4 dxe4 32. Re1 Bxh4 33. Qg4 Bf6 34. f3 e3 35. Re2 Qd7 36. c3 Kf8 37. Bc1 Qd5 38. Bxe3 Qxb3 39. Kg2 Qc4 40. f4 Qxc3 41. Qf3 Qc4 42. Bf2 Qxe2 43. Qg3 Qe4+ 44. Kh2 Qxf5 45. Qa3+ Kg8 46. Qb3 Qxf4+ 47. Kg2 Qe4+ 48. Kh2 Bxd4 49. Bg3 Qe3 50. Qxb7 Be5 51. Bxe5 Qxe5+ 52. Kh3 c5 53. Qc6 Qe3+ 54. Kg4 Qe4+ 55. Qxe4 Rxe4+ 56. Kf5 Rxa4 57. Ke5 Rb4 58. Kd5 a4 59. Kxc5 Rb1 60. Kc4 a3 61. Kd5 a2 62. Ke5 a1=Q+ 63. Kd6 Rb6+ 64. Ke7 Qa7+ 65. Kd8 Rb8# 0-1


[Site "https://www.chess.com"]

[Event "Titled Tuesday Blitz December 27 Late 2022"]
[White "Araujo, Everson De Moura"]
[Black "Sohal, Tanraj"]
[WhiteFideId "22737197"]
[BlackFideId "2608499"]
[WhiteElo "1944"]
[BlackElo "2234"]
[Result "1-0"]
[Round "01"]
[TimeControl "180+2"]
[Date "2022.12.27"]
[WhiteClock "0:00:06"]
[BlackClock "0:00:03"]

1. c4 e5 2. Nc3 Nf6 3. Nf3 Nc6 4. e4 d6 5. d4 exd4 6. Nxd4 Nxd4 7. Qxd4 Be7 8. Be2 O-O 9. Be3 c6 10. O-O-O Qc7 11. h4 Be6 12. f4 Bg4 13. h5 Bxe2 14. Nxe2 Ng4 15. Ng3 Bf6 16. Qd2 Nxe3 17. Qxe3 Rae8 18. Kb1 b5 19. cxb5 cxb5 20. Nf5 d5 21. e5 Be7 22. Qg3 g6 23. hxg6 fxg6 24. Rxh7 Qc6 25. Nxe7+ Rxe7 26. Rxe7 Rc8 27. Qd3 Kf8 28. Rh7 d4 29. Rdh1 Qxg2 30. Qa3+ Ke8 31. Qe7# 1-0


[Site "https://www.chess.com"]

[Event "Titled Tuesday Blitz December 27 Late 2022"]
[White "Araujo Sanchez, Josue"]
[Black "reevecanada"]
[WhiteFideId "6416896"]
[WhiteElo "2303"]
[BlackElo "2430"]
[Result "1-0"]
[Round "01"]
[TimeControl "180+2"]
[Date "2022.12.27"]
[WhiteClock "0:00:15"]
[BlackClock "0:00:44"]

1. e4 c5 2. Nf3 d6 3. d4 cxd4 4. Nxd4 Nf6 5. Nc3 a6 6. Be2 e5 7. Nf3 Be7 8. Bg5 Be6 9. Bxf6 Bxf6 10. O-O Be7 11. Nd5 Nd7 12. Bc4 Kf8 13. a4 Rc8 14. Qe2 g6 15. Rfd1 Kg7 16. a5 Nf6 17. c3 Nxd5 18. Bxd5 Rc5 19. Bxe6 fxe6 20. b4 Rxc3 21. Nxe5 Qc7 22. Nd3 Rf8 23. Rac1 Qc4 24. Rxc3 Qxc3 25. e5 d5 26. g3 Bxb4 27. Rb1 Bxa5 28. Rxb7+ Rf7 29. Rxf7+ Kxf7 30. Kg2 Ke8 31. Nf4 Qc8 32. Qg4 Kf7 33. Qh4 Qh8 34. Nd3 Bc7 35. Qf4+ Ke8 36. Qa4+ Ke7 37. Qb4+ Kd7 38. Nc5+ Kc6 39. Nxa6 Qxe5 40. Qa4+ Kb6 41. Nb4 Qe4+ 42. f3 Qe2+ 43. Kh3 Qxf3 44. Qa6+ Kc5 45. Nd3+ Kd4 46. Nf2 Ke5 47. Ng4+ Kf5 48. Nh6+ Kf6 49. Qc8 Qh5+ 50. Kg2 Qxh6 51. Qxc7 Qg7 52. Qf4+ Ke7 53. Qc7+ Kf8 54. Qc8+ Kf7 55. Qd7+ Kf6 56. Qd8+ Qe7 57. Qh8+ Kf5 58. Qb8 e5 59. Qc8+ Kf6 60. Qh8+ Kg5 61. h4+ Kf5 62. Qg8 d4 63. Qd5 Kf6 64. Qf3+ Ke6 65. Qc6+ Qd6 66. Qe8+ Kd5 67. Qf7+ Ke4 68. Qf3# 1-0


[Site "https://www.chess.com"]

[Event "Titled Tuesday Blitz December 27 Late 2022"]
[White "Ardila, Oscar Humberto"]
[Black "Ballester Llagaria, Luis Eduardo"]
[WhiteFideId "4404742"]
[BlackFideId "2297620"]
[WhiteElo "1982"]
[BlackElo "2298"]
[Result "0-1"]
[Round "01"]
[TimeControl "180+2"]
[Date "2022.12.27"]
[WhiteClock "0:00:11"]
[BlackClock "0:00:43"]

1. d4 d5 2. c4 dxc4 3. Qa4+ Nc6 4. Nf3 Nf6 5. Qxc4 Nd5 6. e4 Nb6 7. Qd3 Bg4 8. Be3 Qd7 9. Nc3 O-O-O 10. O-O-O Bxf3 11. gxf3 e6 12. Bh3 Kb8 13. a3 Na5 14. Kb1 Nbc4 15. Bc1 Qc6 16. d5 Qb6 17. Na4 Qb5 18. Nc3 Nxa3+ 19. Ka2 Qb3+ 20. Ka1 Nc2+ 21. Kb1 Nb4 22. Bf1 Nxd3 23. Bxd3 exd5 24. Bc2 Qc4 25. exd5 Bb4 26. Bd3 Qb3 27. Bc2 Qc4 28. Bd3 Qc5 29. Be3 Qe7 30. Nb5 Bc5 31. Rhe1 Bxe3 32. fxe3 Rxd5 33. e4 Rd7 34. Bc2 Rhd8 35. Rc1 Qb4 36. Nc3 Nb3 0-1


[Site "https://www.chess.com"]

[Event "Titled Tuesday Blitz December 27 Late 2022"]
[White "Arencibia Monduy, Antonio"]
[Black "Beerdsen, Thomas"]
[WhiteFideId "3507939"]
[BlackFideId "1030108"]
[WhiteElo "2122"]
[BlackElo "2507"]
[Result "0-1"]
[Round "01"]
[TimeControl "180+2"]
[Date "2022.12.27"]
[WhiteClock "0:00:06"]
[BlackClock "0:00:57"]

1. d4 d5 2. Nf3 Nc6 3. Bf4 Bg4 4. e3 Nf6 5. Be2 e6 6. h3 Bxf3 7. Bxf3 Bd6 8. Bxd6 Qxd6 9. O-O O-O-O 10. c4 e5 11. cxd5 Nxd5 12. Nc3 Nf6 13. Qa4 exd4 14. exd4 Nxd4 15. Qxa7 Qa6 16. Qxa6 Nxf3+ 17. gxf3 bxa6 18. Rfd1 Kb7 19. Rac1 Rhe8 20. Kf1 Rxd1+ 21. Rxd1 Re5 22. b4 Rh5 23. Kg2 Rh4 24. a3 Rc4 25. Na4 a5 26. Nc5+ Kb6 27. Nd7+ Nxd7 28. Rxd7 axb4 29. axb4 Rf4 30. Kg3 Rf6 31. Rd4 Kb5 32. f4 Rg6+ 33. Kf3 Rh6 34. Kg4 Rd6 35. Re4 Rd7 36. f5 Rd2 37. Re7 c6 38. Rxf7 Rxf2 39. Rb7+ Kc4 40. Kg5 Rg2+ 41. Kf4 h5 42. Ke5 h4 43. Kd6 Rg5 44. Kxc6 Rxf5 45. b5 Rf6+ 46. Kc7 Rf7+ 47. Kc6 Rxb7 48. Kxb7 Kxb5 49. Kc7 g5 50. Kd6 g4 51. hxg4 h3 52. g5 h2 53. g6 h1=Q 54. Ke6 Qe4+ 55. Kf7 Qf5+ 56. Kg7 Kc6 57. Kh6 Kd7 58. g7 Qf7 59. Kh7 Qh5+ 60. Kg8 Ke6 61. Kf8 Qf7# 0-1


[Site "https://www.chess.com"]

[Event "Titled Tuesday Blitz December 27 Late 2022"]
[White "Atakishiyev, Elmar"]
[Black "Omariev, Maksim"]
[WhiteFideId "13410547"]
[BlackFideId "4193423"]
[WhiteElo "2363"]
[BlackElo "2304"]
[Result "1-0"]
[Round "01"]
[TimeControl "180+2"]
[Date "2022.12.27"]
[WhiteClock "0:00:11"]
[BlackClock "0:00:01"]

1. Nf3 d5 2. g3 c6 3. Bg2 Nf6 4. O-O Bf5 5. d3 e6 6. Nbd2 h6 7. Re1 Bh7 8. e4 Be7 9. Qe2 O-O 10. e5 Nfd7 11. h4 c5 12. Nf1 Nc6 13. N1h2 Kh8 14. h5 b5 15. Ng4 a5 16. Bf4 a4 17. Qd2 Rg8 18. Re2 b4 19. Rae1 Rc8 20. Bh3 Na7 21. Kh2 Nb5 22. Rg1 c4 23. Bxh6 gxh6 24. Nxh6 Rg7 25. Qf4 Qf8 26. g4 cxd3 27. cxd3 Bxd3 28. Re3 Rc4 29. Qg3 Bc2 30. g5 d4 31. Ree1 b3 32. axb3 axb3 33. Nd2 Rc5 34. f4 Nc7 35. Rg2 Nd5 36. Qf3 Ne3 37. Rg3 Nb6 38. Reg1 Qa8 39. Qf2 Nbc4 40. g6 fxg6 41. hxg6 Nxd2 42. Nf7+ Kg8 43. Qxd2 Bf5 44. Nh6+ Kf8 45. Qxd4 Rc2+ 46. Bg2 1-0


[Site "https://www.chess.com"]

[Event "Titled Tuesday Blitz December 27 Late 2022"]
[White "Avila Pavas, Santiago"]
[Black "Rego, Pedro Filipe"]
[WhiteFideId "4437128"]
[BlackFideId "1904310"]
[WhiteElo "2522"]
[BlackElo "2312"]
[Result "1-0"]
[Round "01"]
[TimeControl "180+2"]
[Date "2022.12.27"]
[WhiteClock "0:00:05"]
[BlackClock "0:00:10"]

1. d4 Nf6 2. Nf3 e6 3. Bf4 d5 4. e3 c5 5. c3 Bd6 6. Nbd2 O-O 7. Bd3 b6 8. Bg3 Ba6 9. Bxa6 Nxa6 10. Ne5 Nb8 11. f4 Qc7 12. Bh4 Nfd7 13. Qg4 Nc6 14. Ndf3 Ne7 15. Qh3 Nf5 16. Bf2 cxd4 17. exd4 Nf6 18. g4 Ne7 19. Be3 b5 20. O-O Ne4 21. Nd3 a5 22. Nfe5 f6 23. Nf3 b4 24. cxb4 axb4 25. Rac1 Qd7 26. Ra1 Rfc8 27. Rfc1 Rxc1+ 28. Rxc1 Rxa2 29. Qh5 Ra8 30. Qh3 Rc8 31. Qf1 Rxc1 32. Qxc1 Qc6 33. Qa1 Qc2 34. Nfe1 Qe2 35. Qc1 Qxg4+ 36. Kh1 h5 37. Qa1 h4 38. Qa8+ Kf7 39. Qh8 h3 40. b3 Qf3+ 41. Nxf3 1-0


[Site "https://www.chess.com"]

[Event "Titled Tuesday Blitz December 27 Late 2022"]
[White "Babazada, Khazar"]
[Black "Manukyan, Sargis A."]
[WhiteFideId "13413554"]
[BlackFideId "13303970"]
[WhiteElo "2474"]
[BlackElo "2158"]
[Result "1-0"]
[Round "01"]
[TimeControl "180+2"]
[Date "2022.12.27"]
[WhiteClock "0:01:04"]
[BlackClock "0:00:03"]

1. e4 e6 2. d4 d5 3. Nc3 Bb4 4. e5 c5 5. a3 Bxc3+ 6. bxc3 Ne7 7. Nf3 b6 8. Bb5+ Bd7 9. Bd3 c4 10. Be2 Ba4 11. h4 h6 12. h5 Kd7 13. Nh4 Qg8 14. Rh3 Qh7 15. Ra2 Na6 16. Qd2 Nc7 17. Qf4 Raf8 18. Bd1 g5 19. hxg6 fxg6 20. Qg4 g5 21. Nf3 Qf5 22. Qxf5 exf5 23. Rh1 Ne6 24. g3 Ng6 25. Rb2 Kc6 26. Rb4 b5 27. Nd2 g4 28. Nf1 h5 29. Ne3 h4 30. Rf1 h3 31. Rb1 a5 32. Bd2 Rh5 33. Rh1 Ne7 34. Rc1 Rg8 35. f3 gxf3 36. Bxf3 Rh7 37. Kf2 f4 38. gxf4 Nxf4 39. Ng4 Nf5 40. Bxf4 b4 41. axb4 axb4 42. Nf6 Rhg7 43. Bxd5+ 1-0


[Site "https://www.chess.com"]

[Event "Titled Tuesday Blitz December 27 Late 2022"]
[White "Balakrishnan, Praveen"]
[Black "Petrovic, Aleksa"]
[WhiteFideId "2064871"]
[BlackFideId "967629"]
[WhiteElo "2529"]
[BlackElo "2332"]
[Result "1-0"]
[Round "01"]
[TimeControl "180+2"]
[Date "2022.12.27"]
[WhiteClock "0:00:05"]
[BlackClock "0:00:03"]

1. d4 Nf6 2. c4 e6 3. g3 d5 4. Nf3 dxc4 5. Bg2 Bd7 6. Ne5 Bc6 7. Nxc6 Nxc6 8. O-O Qd7 9. e3 Rd8 10. Qa4 e5 11. Qxc4 exd4 12. exd4 Be7 13. Be3 O-O 14. Nc3 h6 15. Rad1 Rfe8 16. d5 Ne5 17. Qd4 Bd6 18. Qxa7 Nfg4 19. Qd4 Qf5 20. Bf4 Qh5 21. h3 Nf6 22. Bxe5 Bxe5 23. Qc4 Bxc3 24. bxc3 c6 25. d6 Qe5 26. Qb4 Rd7 27. c4 c5 28. Qb6 Red8 29. Rfe1 Qf5 30. a4 h5 31. a5 h4 32. g4 Qf4 33. Qxc5 Rxd6 34. Rxd6 Rxd6 35. Bxb7 g5 36. Qc8+ Kg7 37. Qf5 Qd2 38. Rf1 Rd3 39. Bg2 Rd4 40. a6 Rxc4 41. Qb5 Rc1 42. a7 Rxf1+ 43. Bxf1 Ne4 44. Qe5+ Nf6 45. a8=Q 1-0


[Site "https://www.chess.com"]

[Event "Titled Tuesday Blitz December 27 Late 2022"]
[White "Bambino Filho, Antonio Carlos"]
[Black "Boros, Denes"]
[WhiteFideId "2113163"]
[BlackFideId "722340"]
[WhiteElo "2144"]
[BlackElo "2406"]
[Result "0-1"]
[Round "01"]
[TimeControl "180+2"]
[Date "2022.12.27"]
[WhiteClock "0:00:08"]
[BlackClock "0:00:57"]

1. e4 b6 2. d4 Bb7 3. Bd3 e6 4. Qe2 Ne7 5. Nf3 d6 6. O-O Nd7 7. a4 a6 8. c3 Ng6 9. Re1 Be7 10. Be3 O-O 11. Nbd2 c5 12. Nf1 Nf6 13. Ng3 Re8 14. Rad1 Qc7 15. h4 Nf8 16. h5 h6 17. Nh2 Bc6 18. a5 cxd4 19. Bxd4 bxa5 20. Ng4 N8d7 21. Bb1 Rab8 22. Nxf6+ Bxf6 23. f4 e5 24. Be3 exf4 25. Bxf4 Qb6+ 26. Kh2 Qxb2 27. Qg4 Ne5 28. Qh3 Bd7 29. Nf5 Bxf5 30. exf5 Red8 31. Be4 Rbc8 32. Re3 a4 33. Rg3 Kf8 34. Bd5 a3 35. c4 a2 36. Ra3 Ng4+ 37. Kg3 Qxa3+ 38. Kxg4 Qxh3+ 39. Kxh3 a1=Q 0-1


[Site "https://www.chess.com"]

[Event "Titled Tuesday Blitz December 27 Late 2022"]
[White "Battlecruiser_Operational"]
[Black "Talibov, Shiroghlan"]
[BlackFideId "13429078"]
[WhiteElo "2417"]
[BlackElo "2359"]
[Result "0-1"]
[Round "01"]
[TimeControl "180+2"]
[Date "2022.12.27"]
[WhiteClock "0:00:12"]
[BlackClock "0:00:28"]

1. d4 d6 2. Nf3 Nf6 3. c4 Nbd7 4. Nc3 e5 5. e4 c6 6. Be2 Be7 7. O-O Qc7 8. Re1 h6 9. Bf1 g5 10. h3 Nf8 11. c5 Ng6 12. cxd6 Bxd6 13. dxe5 Nxe5 14. Nxe5 Bxe5 15. Be3 Be6 16. Rc1 Qe7 17. Qa4 O-O 18. g3 Kh8 19. Bg2 Rfd8 20. f4 gxf4 21. gxf4 b5 22. Qa6 Bd4 23. Bxd4 Rxd4 24. Qxc6 Rg8 25. Rc2 b4 26. Nb5 Rd3 27. Kh2 Ng4+ 28. Kh1 Qh4 29. Rec1 Rxh3+ 30. Bxh3 Qxh3+ 31. Kg1 Ne3+ 32. Rg2 Rxg2# 0-1


[Site "https://www.chess.com"]

[Event "Titled Tuesday Blitz December 27 Late 2022"]
[White "Bettalli, Francesco"]
[Black "Melkumyan, Hrant"]
[WhiteFideId "2816453"]
[BlackFideId "13302485"]
[WhiteElo "2252"]
[BlackElo "2645"]
[Result "0-1"]
[Round "01"]
[TimeControl "180+2"]
[Date "2022.12.27"]
[WhiteClock "0:00:16"]
[BlackClock "0:00:10"]

1. d4 Nf6 2. Nc3 d5 3. Bg5 Bf5 4. f3 Nbd7 5. e4 dxe4 6. Bc4 h6 7. Bh4 g5 8. Bg3 Bg7 9. Qe2 Nb6 10. fxe4 Bg4 11. Qd3 Nh5 12. Nge2 Nxg3 13. hxg3 e6 14. Bb3 c6 15. a4 a5 16. O-O Qd6 17. e5 Qe7 18. Ne4 Rd8 19. c3 Bxe5 20. Qe3 Bg7 21. Rae1 Nd5 22. Qf2 O-O 23. Nc1 Bf5 24. Nd3 b5 25. axb5 cxb5 26. Nec5 Bxd3 27. Nxd3 a4 28. Bc2 a3 29. Bb1 axb2 30. Qxb2 Nxc3 31. Ne5 Nxb1 32. Rxb1 Rd5 33. Qe2 Qa7 34. Kh1 Qxd4 35. Nc6 Qc5 36. Rfc1 Qd6 37. Rxb5 Rxb5 38. Qxb5 Qxg3 39. Ne7+ Kh8 40. Qb4 Rd8 41. Rf1 f5 42. Ng6+ Kh7 43. Qe7 Qd6 44. Qf7 Rc8 45. Ne7 Rf8 46. Qg6+ Kh8 47. Re1 Qxe7 48. Rxe6 Qf7 0-1


[Site "https://www.chess.com"]

[Event "Titled Tuesday Blitz December 27 Late 2022"]
[White "Bochnicka, Vladimir"]
[Black "Kamsky, Gata"]
[WhiteFideId "14943450"]
[BlackFideId "2000024"]
[WhiteElo "2327"]
[BlackElo "2665"]
[Result "0-1"]
[Round "01"]
[TimeControl "180+2"]
[Date "2022.12.27"]
[WhiteClock "0:00:16"]
[BlackClock "0:00:56"]

1. e4 c5 2. Nf3 e6 3. d4 cxd4 4. Nxd4 a6 5. c4 Nf6 6. Nc3 Qc7 7. a3 b6 8. Be3 Bb7 9. f3 d6 10. Be2 Nbd7 11. O-O Be7 12. Rc1 O-O 13. Kh1 Kh8 14. b4 Rac8 15. Bd3 Ne5 16. Na4 Nxd3 17. Qxd3 Nd7 18. Nb3 Bc6 19. Nb2 Qb8 20. Qe2 Ne5 21. Nd3 Ng6 22. Qf2 b5 23. c5 d5 24. exd5 Bxd5 25. Nd4 f5 26. Rfe1 e5 27. Ne2 f4 28. Bd2 Bh4 29. Qf1 Bxe1 30. Qxe1 e4 31. fxe4 Bxe4 32. Nexf4 Rce8 33. Nxg6+ Bxg6 0-1


[Site "https://www.chess.com"]

[Event "Titled Tuesday Blitz December 27 Late 2022"]
[White "Bogaudinov, Rushan"]
[Black "Karacsonyi, Gellert"]
[WhiteFideId "4129288"]
[BlackFideId "764620"]
[WhiteElo "1939"]
[BlackElo "2385"]
[Result "0-1"]
[Round "01"]
[TimeControl "180+2"]
[Date "2022.12.27"]
[WhiteClock "0:00:01"]
[BlackClock "0:01:27"]

1. e4 c5 2. Nf3 Nc6 3. g3 g6 4. Bg2 Bg7 5. O-O d6 6. c3 Nf6 7. Re1 O-O 8. d4 d5 9. e5 Ne4 10. Be3 Bg4 11. h3 Be6 12. Nbd2 cxd4 13. cxd4 Nxd2 14. Nxd2 Rc8 15. Rc1 Qd7 16. Kh2 Nb4 17. Qb3 a5 18. a3 Nc6 19. Qb5 Nxe5 20. Qxd7 Nxd7 21. Nb3 b6 22. Bf1 a4 23. Nd2 Nf6 24. Ba6 Ra8 25. Bb5 Ne4 26. Nxe4 dxe4 27. Bc6 Rad8 28. Red1 Bb3 29. Rd2 f5 30. d5 e6 31. Bxb6 Bh6 32. Be3 Bxe3 33. fxe3 Bxd5 34. Bxd5 Rxd5 35. Rxd5 exd5 36. Rd1 Rb8 37. Rd2 Rb3 38. Kg2 Rxe3 39. Rxd5 Re2+ 40. Kf1 Rxb2 41. Ra5 Rb3 42. Rxa4 Rxg3 43. h4 Rh3 44. Ra7 Rxh4 45. a4 e3 46. a5 Ra4 47. Ke2 f4 48. Kf3 g5 49. a6 Ra2 50. Kg4 e2 51. Re7 Kf8 52. Re4 h6 53. Re6 Rxa6 0-1


[Site "https://www.chess.com"]

[Event "Titled Tuesday Blitz December 27 Late 2022"]
[White "Bok, Benjamin"]
[Black "Vega Gutierrez, Sabrina"]
[WhiteFideId "1017063"]
[BlackFideId "2219026"]
[WhiteElo "2607"]
[BlackElo "2377"]
[Result "1-0"]
[Round "01"]
[TimeControl "180+2"]
[Date "2022.12.27"]
[WhiteClock "0:00:12"]
[BlackClock "0:00:01"]

1. d4 d5 2. c4 e6 3. Nc3 c6 4. e3 f5 5. Bd3 Nf6 6. Qc2 Bd6 7. Nge2 O-O 8. f3 dxc4 9. Bxc4 b5 10. Bb3 Kh8 11. O-O Qe7 12. Bd2 Nbd7 13. Rae1 b4 14. Na4 Ba6 15. Qxc6 Bd3 16. Nc5 Bxc5 17. dxc5 Nxc5 18. Bxb4 Rfc8 19. Bxc5 Qxc5 20. Qxc5 Rxc5 21. Rf2 e5 22. Nc3 e4 23. fxe4 fxe4 24. h3 Rb8 25. Ne2 a5 26. Nf4 Re8 27. Nxd3 exd3 28. Rd2 Rd8 29. Red1 h5 30. Rxd3 Rxd3 31. Rxd3 h4 32. Kf2 Rc1 33. Rd1 Rc5 34. Kf3 Rf5+ 35. Ke2 Ne4 36. Rd4 Ng3+ 37. Kd3 g5 38. Rd5 Rf2 39. Rxa5 Rxg2 40. Rxg5 Rh2 41. Be6 Rxb2 42. Rg4 Nf1 43. Rxh4+ Kg7 44. Rg4+ Kf6 45. Rf4+ Kxe6 46. Rxf1 Rxa2 47. Rf4 Rh2 48. h4 Ke5 49. Ra4 Rh1 50. Ra5+ Ke6 51. h5 Rh4 52. e4 Ke7 53. Kd4 Rh1 54. Ra7+ Ke6 55. Ra6+ Ke7 56. h6 Rh5 57. h7 Kd7 58. Ra8 1-0


[Site "https://www.chess.com"]

[Event "Titled Tuesday Blitz December 27 Late 2022"]
[White "Bortnyk, Olexandr"]
[Black "Martin Carmona, Gaston Manuel"]
[WhiteFideId "14120828"]
[BlackFideId "22284567"]
[WhiteElo "2605"]
[BlackElo "2333"]
[Result "1-0"]
[Round "01"]
[TimeControl "180+2"]
[Date "2022.12.27"]
[WhiteClock "0:00:37"]
[BlackClock "0:00:04"]

1. e4 c5 2. c3 Nf6 3. e5 Nd5 4. d4 cxd4 5. Nf3 Nc6 6. cxd4 d6 7. Bc4 Nb6 8. Bb5 dxe5 9. Nxe5 Qd6 10. Qf3 Qd5 11. Qxd5 Nxd5 12. Nxc6 Bd7 13. Nxa7 Rxa7 14. Bxd7+ Kxd7 15. Nc3 e6 16. Nxd5 exd5 17. O-O Be7 18. Be3 Rha8 19. a3 Ra4 20. Rac1 b6 21. Rc3 Bf6 22. Rd1 Rc4 23. Rb3 Kc6 24. Kf1 Raa4 25. Rbd3 Rc2 26. R1d2 Rc1+ 27. Ke2 Rac4 28. g3 Rh1 29. h4 h5 30. Kf3 g6 31. b3 Rcc1 32. a4 Rce1 33. Rc2+ Kd7 34. Rdc3 Bd8 35. Rc6 Rhf1 36. b4 Ra1 37. Bf4 Be7 38. Rxb6 Rxa4 39. Rc7+ Ke8 40. Rb8+ Bd8 41. Bg5 1-0


[Site "https://www.chess.com"]

[Event "Titled Tuesday Blitz December 27 Late 2022"]
[White "Bryakin, Mikhail"]
[Black "Sos Andreu, Eric"]
[WhiteFideId "4165314"]
[BlackFideId "22247017"]
[WhiteElo "2455"]
[BlackElo "2352"]
[Result "1-0"]
[Round "01"]
[TimeControl "180+2"]
[Date "2022.12.27"]
[WhiteClock "0:00:10"]
[BlackClock "0:00:06"]

1. e4 c6 2. Nf3 d5 3. Nc3 dxe4 4. Nxe4 Nf6 5. Qe2 Nxe4 6. Qxe4 Nd7 7. b3 Nf6 8. Qh4 Bf5 9. Bb2 e6 10. O-O-O Be7 11. Qg3 O-O 12. d3 a5 13. h3 a4 14. Qe5 axb3 15. axb3 Ra5 16. Qd4 Qxd4 17. Nxd4 Bg6 18. g3 Rd8 19. Bg2 Bc5 20. Ne2 Bxf2 21. Rhf1 Be3+ 22. Kb1 Nd5 23. Be4 Bg5 24. h4 Bf6 25. Bxg6 hxg6 26. Rf3 Rda8 27. d4 Ne7 28. Rfd3 Rd8 29. c3 c5 30. dxc5 Rxd3 31. Rxd3 Rxc5 32. c4 Bxb2 33. Kxb2 b5 34. Kc3 bxc4 35. bxc4 Nc6 36. Nf4 Kf8 37. Rd1 Ke7 38. Rb1 g5 39. Nd3 Ra5 40. Rb7+ Kf6 41. Rc7 Ra3+ 42. Kd2 Ne5 43. hxg5+ Kf5 44. g4+ Nxg4 45. Rxf7+ Kg6 46. Rf4 Kxg5 47. Rf8 Nf6 48. Rf7 Kg6 49. Rf8 Ne4+ 50. Ke2 Nf6 51. Ne5+ Kf5 52. Nf3 Ra4 53. Kd3 e5 54. Nd2 Ra3+ 55. Kc2 Ke6 56. Nb3 e4 57. Kb2 Ra7 58. Rd8 Ke5 59. Kc3 Kf4 60. Rd6 Kf3 61. Re6 e3 62. Nd4+ Kf2 63. Kd3 Ra3+ 64. Kc2 Ra2+ 65. Kb3 Ra5 66. Kb4 Ra1 67. c5 Rb1+ 68. Kc3 Ra1 69. Kb4 Rc1 70. c6 Ng4 71. Re8 Rd1 72. Rf8+ Kg1 73. Nc2 e2 74. c7 e1=Q+ 75. Nxe1 Rb1+ 76. Kc3 Rc1+ 77. Nc2 Rxc2+ 78. Kxc2 Ne3+ 79. Kd3 Nd5 80. c8=Q Nf6 81. Rxf6 gxf6 82. Qf5 Kg2 83. Qxf6 Kg3 84. Ke3 Kg4 85. Qg6+ 1-0


[Site "https://www.chess.com"]